Map: Ephemeron LE

Players

sOs

  • Race: Protoss Protoss
  • Spawn Location: 5:00

Stats - Winner!

  • Race: Protoss Protoss
  • Spawn Location: 11:00

Event: IEM Katowice 2020

VOD

Have the link to the VOD?

Description

Time

  • Played on: Feb. 29, 2020, 8:51 a.m.
  • Length: 12:26

All games in this series

Show
View Real Time Build Order
Export as new Build Order

sOs Protoss 

Build Orders: Oracle Opening 

Get SALT Encoding   

  12  0:00  Probe  
  13  0:12  Probe  
  14  0:17  Pylon  
  14  0:24  Probe (Chrono Boost)  
  16  0:37  Probe (Chrono Boost)  
  16  0:38  Gateway  
  16  0:43  Probe (Chrono Boost)  
  16  0:45  Assimilator  
  17  0:51  Probe  
  17  0:54  Assimilator  
  18  1:03  Probe (Chrono Boost)  
  19  1:07  Gateway  
  19  1:12  Probe (Chrono Boost)  
  19  1:17  Probe (Chrono Boost)  
  20  1:25  Cybernetics Core  
  21  1:29  Probe  
  22  1:34  Pylon  
  22  1:41  Probe  
  23  1:53  Probe  
  24  2:01  Adept x2  
  24  2:02  Warp Gate  
  24  2:06  Probe  
  29  2:11  Pylon  
  29  2:16  Pylon  
  29  2:34  Stargate  
  29  2:36  Stalker  
  31  2:44  Stalker  
  33  2:50  Shield Battery  
  33  3:14  Oracle (Chrono Boost)  
  36  3:24  Nexus  
  36  3:25  Probe  
  37  3:37  Probe  
  36  3:49  Probe  
  36  3:51  Twilight Council  
  37  3:56  Stalker x2  
  37  4:02  Probe  
  42  4:14  Probe  
  43  4:21  Blink (Chrono Boost)  
  43  4:23  Stalker  
  45  4:24  Stalker  
  47  4:35  Probe (Chrono Boost)  
  49  4:41  Probe (Chrono Boost)  
  49  4:45  Probe (Chrono Boost)  
  50  4:49  Probe (Chrono Boost)  
  50  4:52  Stalker x2  
  53  4:53  Probe  
  53  4:59  Probe  
  57  5:05  Probe  
  58  5:08  Pylon  
  58  5:11  Probe  
  59  5:17  Probe, Sentry  
  62  5:22  Nexus  
  62  5:32  Pylon  
  62  5:35  Gateway  
  62  5:38  Gateway  
  62  5:42  Pylon  
  62  5:57  Gateway  
  62  5:58  Charge (Chrono Boost)  
  62  6:00  Gateway  
  62  6:04  Gateway  
  62  6:06  Gateway  
  62  6:09  Stalker x2  
  66  6:13  Probe x2  
  68  6:29  Probe x2  
  68  6:32  Pylon  
  70  6:38  Zealot x3  
  70  6:39  Zealot  
  78  6:43  Probe x2  
  80  6:50  Forge  
  80  6:53  Zealot  
  82  6:54  Zealot  
  82  6:55  Probe x2  
  82  6:56  Probe  
  87  7:07  Probe  
  85  7:13  Zealot x3  
  85  7:14  Zealot x4  
  99  7:16  Protoss Ground Weapons Level 1 (Chrono Boost), Zealot  
  101  7:24  Pylon  
  101  7:28  Pylon  
  101  7:29  Pylon  
  99  7:35  Probe  
  99  7:36  Probe  
  101  7:40  Assimilator x2  
  101  7:42  Probe  
  101  7:43  Zealot  
  101  7:44  Zealot  
  106  7:45  Zealot  
  108  7:51  Probe x2  
  108  7:54  Probe  
  108  7:55  Pylon  
  108  7:57  Zealot  
  113  8:03  Probe  
  112  8:07  Templar Archives  
  112  8:09  Probe x2  
  114  8:13  Zealot  
  114  8:16  Probe  
  117  8:21  Probe, Pylon  
  117  8:24  Probe  
  117  8:25  Photon Cannon  
  119  8:31  Pylon  
  119  8:37  Probe  
  119  8:38  Pylon  
  120  8:42  Pylon  
  120  8:44  High Templar x4  
  120  8:45  Zealot x3  
  134  8:49  Archon x2  
  134  8:55  Photon Cannon  
  134  8:56  Zealot  
  137  9:03  Pylon  
  136  9:16  High Templar  
  136  9:17  High Templar  
  138  9:20  Zealot x6  
  138  9:21  Archon  
  150  9:31  Pylon  
  150  9:34  Pylon  
  150  9:45  High Templar x4  
  154  9:46  Zealot x2  
  154  9:49  Archon  
  154  9:50  Archon  
  158  9:57  Zealot x2  
  83  10:08  Zealot x3  
  80  10:15  Probe x3  
  80  10:16  Zealot  
  80  10:18  Zealot x4  
  70  10:27  Probe x2  
  70  10:28  Probe  
  69  10:35  Zealot x3  
  65  10:38  High Templar x2  
  65  10:39  Zealot x3  
  71  10:44  Archon  
  71  10:48  Probe  
  72  10:54  Robotics Facility  
  72  10:57  Zealot x3  
  72  11:00  Zealot x3  
  84  11:04  Probe  
  84  11:07  Probe x2 (Chrono Boost), Assimilator x2  
  87  11:17  Probe (Chrono Boost), Pylon  
  88  11:19  Probe (Chrono Boost)  
  88  11:25  Probe (Chrono Boost), High Templar x2  
  92  11:26  Zealot x5  
  92  11:30  Archon, Zealot  
  104  11:36  Probe  
  105  11:43  Observer (Chrono Boost)  
  106  11:49  High Templar x2, Zealot x3  
  114  11:57  Archon  
  114  12:01  Zealot x3  
  72  12:16  Zealot x3  
  70  12:23  Zealot x5  
Show
View Real Time Build Order
Export as new Build Order

Stats Protoss - Winner!

Build Orders: Phoenix Opening, Archon Immortal 

Get SALT Encoding   

  12  0:00  Probe  
  13  0:12  Probe  
  14  0:17  Pylon  
  14  0:24  Probe (Chrono Boost)  
  15  0:36  Gateway  
  15  0:37  Probe (Chrono Boost)  
  16  0:45  Probe (Chrono Boost)  
  16  0:46  Assimilator  
  17  0:51  Probe  
  17  0:54  Assimilator  
  18  1:03  Probe (Chrono Boost)  
  19  1:07  Gateway  
  19  1:14  Probe (Chrono Boost)  
  20  1:19  Probe (Chrono Boost)  
  20  1:23  Cybernetics Core  
  21  1:29  Probe  
  21  1:32  Pylon  
  22  1:41  Probe  
  23  1:53  Probe  
  24  2:00  Warp Gate, Stalker x2  
  28  2:05  Probe  
  29  2:11  Pylon  
  29  2:30  Sentry  
  33  2:43  Nexus  
  31  2:51  Shield Battery  
  31  3:00  Stargate  
  31  3:03  Shield Battery  
  31  3:07  Probe  
  32  3:19  Phoenix, Probe  
  33  3:27  Shield Battery  
  33  3:31  Probe  
  33  3:32  Robotics Facility  
  34  3:45  Shield Battery  
  37  3:49  Probe  
  38  4:02  Probe  
  39  4:06  Probe  
  39  4:09  Phoenix (Chrono Boost)  
  40  4:16  Probe  
  40  4:18  Probe, Pylon  
  40  4:20  Sentry  
  40  4:22  Observer  
  44  4:25  Stalker  
  46  4:32  Phoenix, Probe x2  
  46  4:34  Pylon  
  48  4:44  Probe x2  
  54  4:45  Immortal  
  54  4:50  Forge  
  54  4:56  Sentry  
  56  5:00  Probe x2 (Chrono Boost)  
  56  5:04  Assimilator  
  56  5:06  Phoenix, Assimilator  
  58  5:11  Probe x2 (Chrono Boost)  
  60  5:16  Probe (Chrono Boost)  
  60  5:17  Probe (Chrono Boost)  
  62  5:22  Protoss Ground Weapons Level 1 (Chrono Boost)  
  62  5:25  Immortal  
  62  5:27  Adept x2  
  70  5:35  Gateway  
  70  5:38  Gateway  
  70  5:50  Pylon  
  70  5:51  Pylon  
  70  6:06  Immortal (Chrono Boost)  
  70  6:08  Probe  
  70  6:10  Stalker x2  
  79  6:20  Gateway x2  
  79  6:22  Pylon  
  79  6:30  Twilight Council  
  79  6:37  Probe  
  79  6:38  Gateway  
  80  6:40  Gateway  
  80  6:42  Immortal (Chrono Boost)  
  84  7:01  Phoenix x2  
  84  7:05  Charge (Chrono Boost)  
  84  7:10  Templar Archives  
  84  7:15  Zealot x4  
  88  7:17  Protoss Ground Weapons Level 2 (Chrono Boost)  
  88  7:22  Pylon  
  88  7:36  Adept x2  
  92  7:40  Shield Battery  
  91  7:51  High Templar  
  91  7:53  Pylon  
  91  7:55  Pylon, Shield Battery  
  91  7:56  Pylon  
  93  7:59  Pylon  
  93  8:00  Pylon  
  91  8:06  High Templar x2  
  91  8:10  Pylon  
  93  8:13  High Templar  
  93  8:14  Zealot x4  
  93  8:16  Warp Prism  
  105  8:21  Archon x2  
  105  8:25  Nexus  
  105  8:29  Pylon  
  105  8:33  High Templar  
  105  8:34  High Templar  
  109  8:38  Archon  
  109  8:41  Zealot x2  
  113  8:49  High Templar x2, Zealot  
  113  8:51  Zealot  
  113  8:53  Archon  
  113  8:54  Observer  
  121  9:04  Zealot x2  
  121  9:06  Pylon, Zealot  
  127  9:22  High Templar x2, Zealot x3  
  127  9:23  Observer  
  137  9:25  Zealot  
  137  9:26  Archon  
  137  9:30  Zealot x2  
  137  9:33  Zealot  
  137  9:49  Observer  
  121  9:56  Zealot x5  
  121  9:57  Zealot  
  109  10:01  Zealot  
  109  10:04  High Templar x2  
  103  10:08  Archon  
  91  10:16  High Templar x2, Zealot x3  
  87  10:21  Archon  
  77  10:35  Probe x3, Warp Prism (Chrono Boost)  
  70  10:40  High Templar x2  
  78  10:45  Zealot x2  
  78  10:49  Probe  
  84  10:50  Probe  
  84  11:02  Zealot x3  
  90  11:12  High Templar x2  
  90  11:13  Zealot x3  
  90  11:17  Archon x2  
  100  11:20  Photon Cannon  
  100  11:24  Zealot x2  
  104  11:39  High Templar  
  106  11:40  High Templar, Zealot x2  
  106  11:44  Zealot x2  
  106  11:45  Archon, Zealot  
  106  11:46  Zealot  
  102  12:09  Zealot x6  
  102  12:14  Zealot x2  

Tags
 
Add a new tag
Caveats
  • Supply blocks, unpowered buildings, or Contaminate may cause inaccurate times.
  • Supply counts are checked every 10 seconds.